 Dungeon Crawl Stone Soup version 0.30.0-18-gc0e69614cb (webtiles) character file.

Game seed: 11798024170183096747

208514 bmack86 the Executioner (level 18, -3/179 (180) HPs)
             Began as a Minotaur Fighter on May 24, 2023.
             Was an Initiate of Gozag.
             Slain by an 18-headed hydra (10 damage)
             ... called by a spriggan druid
             ... on level 3 of the Swamp.
             The game lasted 01:57:09 (34786 turns).

bmack86 the Executioner (Minotaur Fighter)         Turns: 34786, Time: 01:57:09

HP:   -3/179 (180)  AC: 36    Str: 31    XL:     18   Next: 13%
MP:   17/17         EV:  8    Int:  5    God:    Gozag
Gold: 5426          SH: 20    Dex: 11    Spells: 17/17 levels left

rFire   . . .        Q - +0 broad axe
rCold   . . .        d - +2 kite shield {reflect}
rNeg    . . .        h - +4 plate armour {rPois}
rPois   +            Y - +2 hat {Stlth+}
rElec   .            O - +2 cloak {Will+}
rCorr   .            v - +2 pair of gloves
SInv    .            Z - +2 pair of boots of Owufryis {Will+ Str+3}
Will    ++++.        m - amulet of reflection Stlth
                     C - ring of flight
HPRegen 0.49/turn    U - ring of willpower
MPRegen 0.15/turn

%: reflection
@: brilliant, gold aura, flying, hasted, lightly drained, very quick
A: horns 2, retaliatory headbutt
}: 1/15 runes: serpentine
a: Renounce Religion, Potion Petition, Call Merchant, Bribe Branch


You were on level 3 of the Swamp.
You worshipped Gozag.
Gozag was greatly pleased with you.
You visited 6 branches of the dungeon, and saw 30 of its levels.
You visited 1 bazaar.
You also visited: Bailey and Volcano.

You collected 12832 gold pieces.
You spent 1887 gold pieces at shops.
You paid 5519 gold pieces to Gozag.

Inventory:

Hand Weapons
 p - the +6 broad axe "Avusung" {venom, MP+9 Str+6 Int-5}
   (You found it on level 3 of the Snake Pit)

   Str:       It affects your strength (+6).
   Int:       It affects your intelligence (-5).
   MP:        It affects your magic capacity (+9).
 Q - a +0 broad axe (weapon)
Missiles
 j - 7 curare-tipped darts (quivered)
 G - 6 javelins
 K - 5 throwing nets
Armour
 d - a +2 kite shield of reflection (worn)
 h - a +4 plate armour of poison resistance (worn)
 l - a +2 kite shield of protection
 v - a +2 pair of gloves (worn)
 O - a +2 cloak of willpower (worn)
 Y - a +2 hat of stealth (worn)
 Z - the +2 pair of boots of Owufryis (worn) {Will+ Str+3}
   (You found it on level 1 of the Snake Pit)

   Str:       It affects your strength (+3).
   Will:      It increases your willpower.
Jewellery
 a - a ring of resist corrosion
 c - a +4 ring of protection
 m - an amulet of reflection (around neck)
 n - a ring of willpower
 t - a ring of fire
 B - a ring of see invisible
 C - a ring of flight (left hand)
 U - a ring of willpower (right hand)
Wands
 g - a wand of flame (70)
 q - a wand of acid (6)
 r - a wand of digging (4)
 I - a wand of polymorph (14)
 L - a wand of paralysis (23)
 S - a wand of roots (13)
 V - a wand of mindburst (6)
Scrolls
 e - 6 scrolls of poison
 w - 5 scrolls of blinking
 x - 2 scrolls of silence
 y - a scroll of summoning
 D - 12 scrolls of teleportation
 F - 4 scrolls of fear
 H - 5 scrolls of fog
 N - 2 scrolls of magic mapping
Potions
 b - 10 potions of brilliance
 f - 5 potions of magic
 i - 5 potions of heal wounds
 k - 25 potions of curing
 o - 2 potions of invisibility
 s - 3 potions of mutation
 u - 4 potions of might
 z - 2 potions of haste
 J - a potion of resistance
 M - 5 potions of flight
 P - 2 potions of cancellation
 T - 7 potions of lignification
 X - a potion of ambrosia


   Skills:
 * Level 20.7 Fighting
 + Level 21.1 Axes
 - Level 10.2 Throwing
 + Level 18.9 Armour
 - Level 16.0 Shields


You had 17 spell levels left.
You didn't know any spells.
Your spell library contained the following spells:

 Spells                   Type           Power      Damage    Failure   Level
 Foxfire                  Conj/Fire      0%         2x1d4     96%         1
 Ensorcelled Hibernation  Hex/Ice        0%         N/A       99%         2
 Call Canine Familiar     Summ           0%         N/A       100%        3
 Dazzling Flash           Conj/Hex       0%         N/A       100%        3
 Inner Flame              Hex/Fire       0%         N/A       100%        3
 Portal Projectile        Hex/Tloc       0%         N/A       100%        3
 Spider Form              Tmut/Pois      0%         N/A       100%        3
 Tukima's Dance           Hex            0%         N/A       100%        3
 Volatile Blastmotes      Fire/Tloc      0%         2d10      100%        3
 Anguish                  Hex/Necr       0%         N/A       100%        4
 Flame Wave               Conj/Fire      0%         2d4       100%        4
 Iskenderun's Mystic Bla  Conj/Tloc      0%         2d3       100%        4
 Leda's Liquefaction      Hex/Erth       0%         N/A       100%        4
 Passage of Golubria      Tloc           0%         N/A       100%        4
 Sticky Flame             Conj/Fire      0%         2d3       100%        4
 Summon Ice Beast         Ice/Summ       0%         N/A       100%        4
 Summon Lightning Spire   Summ/Air       0%         N/A       100%        4
 Blade Hands              Tmut           0%         N/A       100%        5
 Fireball                 Conj/Fire      0%         3d3       100%        5
 Summon Mana Viper        Hex/Summ       0%         N/A       100%        5
 Yara's Violent Unravell  Hex/Tmut       0%         3d3       100%        5
 Plasma Beam              Fire/Air       0%         2x1d11    100%        6
 Starburst                Conj/Fire      0%         6d3       100%        6
 Monstrous Menagerie      Summ           0%         N/A       100%        7
 Storm Form               Tmut/Air       0%         N/A       100%        7
 Maxwell's Capacitive Co  Air            0%         ∞         100%        8


Dungeon Overview and Level Annotations

Branches:
Dungeon (15/15)            Temple (1/1) D:4            Lair (5/5) D:11
  Swamp (3/4) Lair:2        Snake (4/4) Lair:2        Slime (0/5) Lair:4
    Orc (2/2) D:10            Elf (0/3) Orc:2        Vaults (0/5) D:13
 Depths (0/4) D:15         Bailey (visited)         Volcano (visited)

Altars:
Ashenzari
Cheibriados
Dithmenos
Elyvilon
Fedhas
Gozag
Hepliaklqana
Kikubaaqudgha
Makhleb
Nemelex Xobeh
Okawaru
Qazlal
Ru
Sif Muna
Trog
Uskayaw
Vehumet
Wu Jian
Xom
Yredelemnul
Zin
The Shining One
Jiyva
Lugonu

Shops:
D:12 !   D:14 *   Orc:1 ?   Orc:2 [==[   Lair:2 *

Portals:
Abyss: Orc:1

Annotations:
Lair:4 1 runed translucent door


Innate Abilities, Weirdness & Mutations

You have a pair of horns on your head.
You reflexively headbutt those who attack you in melee.


Message History

You block the 16-headed hydra's attack. The 16-headed hydra closely misses you.
You slice one of the 16-headed hydra's heads off!
The 15-headed hydra grows two more!
You slash the 17-headed hydra!
The 17-headed hydra is moderately wounded.
You barely miss the 15-headed hydra. You closely miss the swamp worm.
A swamp worm comes into view.
You slice one of the 15-headed hydra's heads off!
The 14-headed hydra grows two more!
You slash the 16-headed hydra! You headbutt the 16-headed hydra!
The 16-headed hydra is heavily wounded.
You slash the swamp worm!
You hack one of the 17-headed hydra's heads off!
The 16-headed hydra grows two more!
You slash the 18-headed hydra! You block the 16-headed hydra's attack.
The 16-headed hydra bites you but does no damage. x3
The 16-headed hydra closely misses you.
You block the 16-headed hydra's attack. x2
The 16-headed hydra barely misses you. The 16-headed hydra bites you!
* * * LOW HITPOINT WARNING * * *
The 16-headed hydra bites you.
* * * LOW HITPOINT WARNING * * *
The 16-headed hydra bites you but does no damage. x2
The 16-headed hydra barely misses you.
The 16-headed hydra bites you but does no damage.
The 16-headed hydra closely misses you. You block the 16-headed hydra's attack.
The 18-headed hydra bites you.
* * * LOW HITPOINT WARNING * * *
The 18-headed hydra bites you but does no damage.
The 18-headed hydra bites you.
* * * LOW HITPOINT WARNING * * *
The 18-headed hydra bites you!
* * * LOW HITPOINT WARNING * * *
The 18-headed hydra bites you but does no damage. x2
The 18-headed hydra bites you.
* * * LOW HITPOINT WARNING * * *
The 18-headed hydra bites you but does no damage.
The 18-headed hydra closely misses you.
The 18-headed hydra bites you but does no damage. x3
The 18-headed hydra bites you!
You die...
Your body crumbles into a pile of gold.

♣...~.~~§$.~~§~
~~..~..~~~..~~...$..
♣~~.~~~♣ .~~...
♣♣♣<~~.♣ .~~~~.
♣♣...♣♣♣♣ ♣...?<.
♣.~.♣♣♣ ♣♣......~
♣♣♣♣♣~♣♣≈♣♣♣♣~...~.~~
♣§...~♣≈≈≈w≈≈.§.~~§○~
....~.♣i≈≈≈@Dw≈..~w~~~~
.~~~~..♣♣≈≈D≈≈♣w~~~...~
..~~~.. ♣♣≈≈≈♣♣~°~~..♣~
.♣$~~.~ ♣♣≈♣♣~~§...~♣
♣.~~~♣ ♣.♣ ~~~....~~
♣♣.♣♣ ~.§~~.~~~...~ ♣.
~~§.!..~~~~..~ ♣
~§~~§...~~§~.♣. .~...


You could see a 18-headed hydra, a 16-headed hydra, a spriggan druid and 4 swamp
worms.

Vanquished Creatures
  Gastronok (D:8)
  The ghost of Mahakala the Severer, an adept MiBe of Trog (Orc:2)
  2 fenstrider witches
  6 nagarajas
  Aizul (Snake:1)
  3 ghouls (Swamp:1)
  2 bunyips (Swamp:1)
  A dire elephant (D:15)
  3 eleionomae
  An ettin (Orc:2)
  Snorg (Lair:3)
  A shambling mangrove (Swamp:2)
  5 salamander tyrants
  Harold (Lair:2)
  10 hydras
  Erolcha (Orc:1)
  10 anacondas
  4 ogre magi (Orc:2)
  23 two-headed ogres
  7 centaur warriors
  A ghost crab (Swamp:3)
  6 alligators
  2 boulder beetles
  2 catoblepae
  20 naga warriors
  6 death yaks (Lair:5)
  11 shock serpents
  A tengu warrior (D:15)
  Sonja (D:13)
  14 naga sharpshooters
  A fire crab (Volcano)
  2 salamander mystics
  3 goliath frogs
  11 sea snakes
  3 skysharks
  5 naga ritualists
  3 skeletal warriors (D:12)
  2 lindwurms
  2 bog bodies
  A spriggan druid (Swamp:1)
  3 deep elf pyromancers
  4 orc knights
  A necromancer (D:13)
  A wizard (D:15)
  A wolf spider (D:15)
  3 ugly things
  3 will-o-the-wisps
  2 manticores
  7 mana vipers
  An orc sorcerer (Orc:2)
  18 salamanders
  20 elephants
  8 cyclopes
  4 guardian serpents
  37 black mambas
  24 naga magi
  3 unseen horrors (D:12)
  2 gargoyles
  2 kobold demonologists (D:13)
  A torpor snail (Lair:4)
  A tengu conjurer (D:10)
  A rime drake (Lair:1)
  11 komodo dragons
  5 yaktaurs (D:15)
  6 cane toads
  2 freezing wraiths
  A meliai (shapeshifter) (D:14)
  4 trolls
  A wolf spider simulacrum (D:15)
  5 tyrant leeches
  12 hornets
  2 polar bears (Lair:5)
  Grinder (D:5)
  6 dream sheep (Lair:5)
  6 slime creatures
  A jumping spider (shapeshifter) (D:14)
  20 spriggans
  2 water elementals (D:15)
  2 centaur simulacra
  A wraith (D:12)
  2 shadows
  A hog (shapeshifter) (D:15)
  39 yaks
  Grum (D:10)
  3 wyverns
  8 fire bats (Volcano)
  8 basilisks
  2 steam dragons
  12 vampire mosquitoes
  Menkaure (D:6)
  33 nagas
  An acid dragon (D:8)
  12 swamp worms
  7 wargs
  3 hell hounds (Volcano)
  18 water moccasins
  Duvessa (D:7)
  9 black bears
  17 orc warriors
  A sky beast (D:8)
  A swamp drake (Swamp:1)
  28 ogres
  4 boggarts (Lair:5)
  55 wolves
  7 centaurs
  3 phantoms
  3 kobold brigands
  11 bullfrogs
  2 necrophages (Swamp:1)
  3 gnoll sergeants
  4 scorpions
  Dowan (D:7)
  16 wights
  4 killer bees
  9 electric eels
  7 howler monkeys
  7 lava snakes (Volcano)
  11 hounds
  3 jellies
  2 gnoll boudas
  16 orc priests
  3 sleepcaps
  7 iguanas
  13 orc wizards
  25 gnolls
  7 adders
  A shadow imp (D:7)
  4 white imps
  An ufetubus (D:4)
  2 worms (D:4)
  2 dart slugs
  57 orcs
  9 bats
  5 endoplasms
  3 giant cockroaches
  8 hobgoblins
  12 jackals
  22 kobolds
  7 quokkas
  9 ball pythons
  4 frilled lizards (D:1)
  15 goblins
  6 rats
1014 creatures vanquished.

Vanquished Creatures (others)
  A wizard (D:13)
  A deep elf pyromancer (D:12)
  3 bloated husks (Swamp:1)
  A tyrant leech (Swamp:3)
  A spriggan (Swamp:1)
  A yak (D:10)
  A water elemental (D:15)
  2 vampire mosquitoes (Swamp:1)
  2 gnolls (D:10)
  22 foxfires
  A lurking horror (Orc:1)
36 creatures vanquished.

Grand Total: 1050 creatures vanquished

Notes
Turn   | Place    | Note
-------+----------+-------------------------------------------
     0 | D:1      | bmack86 the Minotaur Fighter began the quest for the Orb.
     0 | D:1      | Reached XP level 1. HP: 19/19 MP: 0/0
    64 | D:1      | Reached skill level 3 in Axes
   158 | D:1      | Reached XP level 2. HP: 26/26 MP: 1/1
   286 | D:1      | Reached skill level 4 in Axes
   422 | D:1      | Reached XP level 3. HP: 31/31 MP: 2/2
   848 | D:2      | Reached skill level 5 in Axes
  1033 | D:2      | Reached XP level 4. HP: 39/39 MP: 3/3
  1082 | D:2      | Identified the +3 buckler "Mahud" {rPois rN+ Will+ Int+4}
  1622 | D:3      | Found a faded altar of an unknown god.
  1881 | D:3      | Reached skill level 6 in Axes
  1891 | D:3      | Reached XP level 5. HP: 45/45 MP: 4/4
  2036 | D:4      | Reached skill level 7 in Axes
  2036 | D:4      | Noticed a black bear
  2042 | D:4      | Reached XP level 6. HP: 26/51 MP: 5/5
  2048 | D:4      | Reached skill level 8 in Axes
  2222 | D:4      | Identified the +9 mace of Pyitu {freeze, Contam rC+ rN+
                  | Int+4}
  2245 | D:4      | Found a staircase to the Ecumenical Temple.
  2256 | Temple   | Entered the Ecumenical Temple
  2352 | Temple   | Became a worshipper of Gozag Ym Sagoz the Greedy
  2404 | D:4      | Reached skill level 9 in Axes
  2657 | D:5      | Entered Level 5 of the Dungeon
  2661 | D:5      | Reached XP level 7. HP: 57/57 MP: 6/6
  2704 | D:5      | Reached skill level 10 in Axes
  2892 | D:5      | Reached skill level 11 in Axes
  3232 | D:5      | Reached XP level 8. HP: 50/64 MP: 7/7
  3331 | D:5      | Noticed Grinder
  3341 | D:5      | Paralysed by Grinder for 4 turns
  3348 | D:5      | Killed Grinder
  3349 | D:5      | Reached skill level 12 in Axes
  3497 | D:6      | Found a hide-covered altar of Uskayaw.
  3523 | D:6      | Reached skill level 13 in Axes
  3647 | D:6      | Noticed Menkaure
  3655 | D:6      | HP: 2/64 [Menkaure (11)]
  3656 | D:6      | Killed Menkaure
  3919 | D:6      | Found a glowing silver altar of Zin.
  3976 | D:6      | Found an iron altar of Okawaru.
  4036 | D:6      | Reached skill level 14 in Axes
  4036 | D:6      | Reached XP level 9. HP: 70/70 MP: 8/8
  4459 | D:7      | Reached skill level 15 in Axes
  4679 | D:7      | Noticed Dowan
  4680 | D:7      | Noticed Duvessa
  4687 | D:7      | Killed Dowan
  4705 | D:7      | Killed Duvessa
  5095 | D:8      | Found a basalt altar of Yredelemnul.
  5097 | D:8      | Noticed a profane servitor
  5102 | D:8      | Found a glowing golden altar of the Shining One.
  5104 | D:8      | Noticed an angel
  5182 | D:8      | Found a flagged portal.
  5197 | D:8      | Reached skill level 5 in Fighting
  5243 | Bailey   | Entered a bailey
  5328 | Bailey   | Noticed an orc knight
  5492 | Bailey   | Noticed an orc knight
  5514 | Bailey   | Killed an orc knight
  5519 | Bailey   | Reached XP level 10. HP: 52/86 MP: 9/9
  5699 | Bailey   | Killed an orc knight
  5716 | Bailey   | Identified the +2 cloak of Pierie {rF- rC+ rN+ Slay+2}
  5779 | D:8      | Noticed Gastronok
  5802 | D:8      | Killed Gastronok
  5803 | D:8      | Reached skill level 10 in Fighting
  6226 | D:8      | Reached skill level 5 in Shields
  6239 | D:8      | Noticed a centaur warrior
  6249 | D:8      | Reached skill level 5 in Armour
  6249 | D:8      | Killed a centaur warrior
  6347 | D:8      | Noticed a centaur warrior
  6353 | D:8      | Identified the +6 trident "Melatiho" {flame, rPois rCorr}
  6358 | D:8      | Killed a centaur warrior
  6359 | D:8      | Reached XP level 11. HP: 71/101 MP: 10/10
  7602 | D:9      | Found a sparkling altar of Nemelex Xobeh.
  7701 | D:10     | Entered Level 10 of the Dungeon
  8086 | D:10     | Noticed Grum
  8108 | D:10     | Killed Grum
  8133 | D:10     | Noticed a two-headed ogre
  8141 | D:10     | Killed a two-headed ogre
  8171 | D:10     | Found a shimmering blue altar of Sif Muna.
  8185 | D:10     | Found a staircase to the Orcish Mines.
  8260 | D:10     | Noticed a seven-headed hydra
  8269 | D:10     | Killed a seven-headed hydra
  8270 | D:10     | Noticed a centaur warrior
  8435 | D:10     | Noticed a five-headed hydra
  8442 | D:10     | Killed a six-headed hydra
  8443 | D:10     | Reached skill level 10 in Armour
  8443 | D:10     | Reached skill level 10 in Shields
  8568 | D:10     | Noticed a white ugly thing
  8574 | D:10     | Killed a white ugly thing
  8601 | D:10     | Noticed a centaur warrior
  8609 | D:10     | Noticed an eight-headed hydra
  8617 | D:10     | Killed a centaur warrior
  8620 | D:10     | Killed a centaur warrior
  8621 | D:10     | Reached XP level 12. HP: 74/108 MP: 11/11
  8629 | D:10     | Killed an eight-headed hydra
  8912 | D:10     | You fall into a shaft and drop 3 floors!
  9014 | D:13     | Noticed a two-headed ogre
  9014 | D:13     | Noticed a two-headed ogre
  9020 | D:13     | Killed a two-headed ogre
  9027 | D:13     | Killed a two-headed ogre
  9383 | D:11     | Found a staircase to the Lair.
 10018 | D:11     | Noticed a two-headed ogre
 10023 | D:11     | Killed a two-headed ogre
 10654 | D:12     | Reached skill level 1 in Throwing
 10992 | D:12     | Found Nuugih's Distillery.
 11000 | D:12     | Bought a potion of heal wounds for 85 gold pieces
 11000 | D:12     | Bought a potion of heal wounds for 85 gold pieces
 11000 | D:12     | Bought a potion of heal wounds for 85 gold pieces
 11185 | D:13     | Identified a scroll of acquirement
 11185 | D:13     | Acquired a +2 cloak of willpower
 11411 | D:13     | Reached skill level 16 in Axes
 11413 | D:13     | Reached XP level 13. HP: 116/117 MP: 12/12
 11586 | D:13     | Noticed Sonja
 11633 | D:13     | Killed Sonja
 12033 | D:13     | Found a gate to the Vaults.
 12839 | D:14     | Found Zodienel's Overcharged Wands.
 13230 | D:15     | Entered Level 15 of the Dungeon
 13272 | D:15     | HP: 5/122 [yaktaur/bolt (12)]
 13361 | D:15     | Found a flickering gateway to a bazaar.
 13394 | Bazaar   | Entered a bazaar
 13394 | Bazaar   | Found Pontetiq's Armour Boutique.
 13394 | Bazaar   | Found Bosmusm's Weapon Shop.
 13394 | Bazaar   | Found Aqun's Armour Shop.
 13401 | Bazaar   | Identified the +3 leather armour of Defiance {*Corrode
                  | rElec Will+ Int+3}
 13411 | Bazaar   | Bought a +3 plate armour of poison resistance for 378 gold
                  | pieces
 13586 | D:15     | Found a staircase to the Depths.
 13586 | D:15     | Noticed a dire elephant
 13605 | D:15     | Killed a dire elephant
 13611 | D:15     | Reached skill level 5 in Throwing
 14217 | D:15     | Found an ancient bone altar of Kikubaaqudgha.
 14704 | Lair:1   | Entered Level 1 of the Lair of Beasts
 14935 | Lair:1   | Reached skill level 17 in Axes
 15053 | Lair:1   | Reached XP level 14. HP: 130/130 MP: 13/13
 15928 | Lair:2   | Noticed Harold
 15943 | Lair:2   | Killed Harold
 15959 | Lair:2   | Found a staircase to the Snake Pit.
 16595 | Lair:2   | Found a staircase to the Swamp.
 17204 | Lair:3   | Noticed Snorg
 17216 | Lair:3   | Killed Snorg
 17265 | Lair:3   | Found a dark tunnel.
 17277 | Volcano  | Entered a volcano
 17622 | Volcano  | Found a bloodstained altar of Trog.
 17649 | Volcano  | Found a burning altar of Makhleb.
 19513 | Lair:4   | Found a runed translucent door.
 19513 | Lair:4   | Noticed an azure jelly
 19514 | Lair:4   | Found a viscous altar of Jiyva.
 19514 | Lair:4   | Found a staircase to the Slime Pits.
 19514 | Lair:4   | Noticed an azure jelly
 19514 | Lair:4   | Noticed an azure jelly
 19627 | Lair:5   | Entered Level 5 of the Lair of Beasts
 20395 | Lair:5   | Reached skill level 15 in Shields
 20401 | Lair:5   | Reached skill level 15 in Armour
 20401 | Lair:5   | Reached XP level 15. HP: 111/139 MP: 14/14
 20415 | Lair:5   | Reached skill level 15 in Fighting
 20589 | Lair:5   | Reached skill level 18 in Axes
 21822 | Orc:1    | Entered Level 1 of the Orcish Mines
 21927 | Orc:1    | Found a one-way gate to the infinite horrors of the Abyss.
 21928 | Orc:1    | Found a corrupted altar of Lugonu.
 22384 | Orc:2    | Entered Level 2 of the Orcish Mines
 22483 | Orc:2    | Found a staircase to the Elven Halls.
 23137 | Orc:2    | Found Vahoal's Jewellery Shoppe.
 23137 | Orc:2    | Found Ceischuja's Armour Boutique.
 23138 | Orc:2    | Found Udengiu's Armour Shop.
 23138 | Orc:2    | Found Viceodon's Jewellery Shoppe.
 23157 | Orc:2    | Found a radiant altar of Vehumet.
 23188 | Orc:2    | Found a runed translucent door.
 23191 | Orc:2    | Noticed Mahakala's ghost (adept MiBe)
 23535 | Orc:1    | Found Toeschewe's Magic Scroll Shop.
 23544 | Orc:1    | Bought a scroll of enchant armour for 97 gold pieces
 23544 | Orc:1    | Bought 3 scrolls of teleportation for 117 gold pieces
 23730 | Orc:1    | Noticed Erolcha
 23735 | Orc:1    | Killed Erolcha
 23933 | Orc:2    | Killed Mahakala's ghost
 23936 | Orc:2    | Identified the staff of conjuration "Elibelot" {rF- Str+3
                  | Dex+3}
 24090 | Snake:1  | Entered Level 1 of the Snake Pit
 24090 | Snake:1  | Noticed Aizul
 24097 | Snake:1  | Reached XP level 16. HP: 106/151 MP: 15/15
 24119 | Snake:1  | Killed Aizul
 24428 | Snake:1  | Reached skill level 19 in Axes
 24980 | Snake:1  | Found a shadowy altar of Dithmenos.
 25234 | Snake:1  | Reached skill level 10 in Throwing
 25283 | Snake:1  | Identified the +2 pair of boots of Owufryis {Will+ Str+3}
 27395 | Snake:3  | Identified the +6 broad axe "Avusung" {venom, MP+9 Str+6
                  | Int-5}
 28043 | Snake:3  | Reached skill level 20 in Axes
 28043 | Snake:3  | Reached XP level 17. HP: 120/165 MP: 16/16
 29298 | Snake:4  | Entered Level 4 of the Snake Pit
 32180 | Snake:4  | Got a serpentine rune of Zot
 32658 | Lair:2   | Bought a scroll of acquirement for 1040 gold pieces
 32658 | Lair:2   | Acquired 516 gold pieces
 32710 | Swamp:1  | Entered Level 1 of the Swamp
 33846 | Swamp:2  | Reached skill level 21 in Axes
 33877 | Swamp:2  | Reached XP level 18. HP: 106/180 MP: 17/17
 34786 | Swamp:3  | HP: 7/179 [18-headed hydra[a spriggan druid] (6)]
 34786 | Swamp:3  | Slain by an 18-headed hydra

Illustrated notes

Levels and vault maps discovered:
D:1:      dpeg_arrival_connections, layout_loops_ring, minmay_tetromino_t4
D:2:      layout_rooms, hangedman_decor_opposing
D:3:      layout_loops_cross, shapermc_ecumenical_altar_mp_ritualfount
D:4:      layout_rooms, minmay_temple_entry_sparse_star
D:5:      layout_rooms, uniq_grinder
D:6:      layout_rooms, mainiacjoe_overflow_paths, overflow_temple_1_default,
          mainiacjoe_overflow_six_doors_small, uniq_menkaure
D:7:      layout_gridville, uniq_duvessa
D:8:      minmay_chambers_of_sevens, layout_loops_ring,
          grunt_temple_overflow_holy_war, enter_bailey_5, uniq_gastronok
D:9:      layout_layer_cave, mainiacjoe_overflow_alcove_1
D:10:     layout_gridville, nicolae_sif_muna_little_library, orc_0_dummy,
          minmay_evil_grid, uniq_grum
D:11:     layout_long_grid, erik_lair_orcish_takeover
D:12:     layout_stronghold, serial_shops, nicolae_shop_tiny_waterfront,
          minmay_starry_boxes
D:13:     minmay_spotlight, layout_basic, david_vaults_1, uniq_sonja
D:14:     layout_gridville, serial_bayou_lagoon_a,
          nicolae_shop_overcharged_wands
D:15:     hangedman_depths_entry_try_elsewhere_first, layout_basic,
          serial_park_fountain, serial_shops, bzr_entry_water,
          nicolae_kikubaaqudgha_miasma_corner
Temple:   nicolae_temple_bog_church
Lair:1:   layout_loops_ring, lemuel_fruit_tree, infiniplex_staircase_pool_2,
          grunt_megastairs_4
Lair:2:   beast_lair_carwin_large_4, layout_regular_city,
          nicolae_swamp_entry_splash_gauntlet, dummy_snake_entry,
          serial_bayou_shore_b, uniq_harold
Lair:3:   layout_regular_city, nicolae_volcano_entry_vermiform,
          beast_lair_carwin_8, grunt_megastairs_5, uniq_snorg
Lair:4:   layout_layer_cave, slime_entry_2, nzn_sisyphean_effort
Lair:5:   minmay_lair_end_enchanted_forest, layout_cave_pods, minivault_23
Swamp:1:  layout_falls_marsh, nicolae_swamp_very_dense_foliage
Swamp:2:  layout_basic_swamp, evilmike_swamp_ruin_house_2
Swamp:3:  layout_basic_swamp, gammafunk_ghost_hydra_chop,
          evilmike_swamp_ruin_rubble_2, swamp_pool4
Snake:1:  layout_cave_shapes, basic_altar, drop_trap, serial_bayou_shore_a,
          uniq_aizul
Snake:2:  layout_onion, nicolae_snake_squiggles, serial_bayou_lagoon_b
Snake:3:  hangedman_cross_veins, layout_basic
Snake:4:  snake_pit, layout_cave_pods, grunt_megastairs_2
Orc:1:    layout_caves, serial_shops, nicolae_shop_crystal,
          amcnicky_altar_lugonu_corruption, uniq_erolcha
Orc:2:    st_orc_ogre_mass, layout_caves, basic_altar, gammafunk_ghost_grave

Skill      XL: |  1  2  3  4  5  6  7  8  9 10 11 12 13 14 15 16 17 |
---------------+----------------------------------------------------+-----
Axes           | 3 4 5 6 7 9 11 14 15 16 17 18 20 21 | 21.1
Fighting       | 7 10 11 13 14 16 18 20 | 20.7
Armour         | 6 10 13 15 16 17 18 | 18.9
Shields        | 6 10 13 15 16 | 16.0
Throwing       | 2 5 7 9 10 | 10.2

Action                     |  1- 3 |  4- 6 |  7- 9 | 10-12 | 13-15 | 16-18 || total
---------------------------+-------+-------+-------+-------+-------+-------++-------
  Melee: War axe           |    87 |    76 |       |   210 |  1223 |   762 ||  2358
         Headbutt          |     9 |    14 |    65 |   133 |   287 |   281 ||   789
         Hand axe          |       |    36 |   316 |   287 |       |       ||   639
         Short sword       |       |       |       |    19 |       |       ||    19
         Broad axe         |       |       |       |       |       |   369 ||   369
  Throw: Boomerang         |       |       |     1 |     9 |       |       ||    10
         Dart              |       |       |       |     4 |     3 |    11 ||    18
 Invoke: Potion Petition   |       |       |     1 |     1 |     1 |     6 ||     9
         Call Merchant     |       |       |       |       |       |     1 ||     1
  Evoke: Wand              |       |       |       |    16 |       |       ||    16
    Use: Scroll            |       |    12 |     5 |     9 |     6 |     6 ||    38
         Potion            |       |       |     1 |     1 |     6 |     4 ||    12
   Stab: Distracted        |       |       |       |       |     4 |     5 ||     9
         Petrified         |       |       |       |       |     2 |       ||     2
         Invisible         |       |       |       |       |       |     2 ||     2
 Armour: Scale mail        |    17 |       |       |       |       |       ||    17
         Chain mail        |    27 |    52 |    92 |   275 |    83 |       ||   529
         Plate armour      |       |       |       |       |   584 |   582 ||  1166
  Dodge: Dodged            |    38 |    43 |    64 |   118 |   312 |   222 ||   797
  Block: Buckler           |    34 |    81 |   191 |   319 |   935 |   211 ||  1771
         Reflection        |       |     1 |     5 |    18 |    37 |   101 ||   162
         Kite shield       |       |       |       |       |       |   825 ||   825
